 Dungeon Crawl Stone Soup version 0.29.1-15-g9cfb28693d (webtiles) character file.

Game seed: 2551634038332618959

10467 Renzlar the Blocker (level 11, -2/89 HPs)
             Began as a Gnoll Fighter on Mar 13, 2023.
             Was the Champion of Okawaru.
             Slain by a six-headed hydra (8 damage)
             ... on level 1 of the Lair of Beasts.
             The game lasted 00:38:46 (8120 turns).

Renzlar the Blocker (Gnoll Fighter)                 Turns: 8120, Time: 00:38:47

Health: -2/89      AC: 13    Str: 18    XL:     11   Next: 62%
Magic:  0/26       EV: 13    Int: 14    God:    Okawaru [******]
Gold:   678        SH:  6    Dex:  6    Spells: 19/23 levels left

rFire   + . .      SeeInvis .   w - +0 morningstar
rCold   + . .      Faith    .   e - +0 buckler
rNeg    . . .      Spirit   +   d - +4 moon troll leather armour {Spirit, Regen++ MP+5}
rPois   .          Reflect  .   j - +1 hat "Fojoked" {Regen+ Int+6 Dex-5 Stlth-}
rElec   .          Harm     .   (no cloak)
rCorr   +          Rampage  +   (no gloves)
Will    +....                   n - +0 pair of boots {rampage}
Stlth   +++.......              m - amulet of regeneration
HPRegen 3.44/turn               G - ring of Insomnia {rF+ rC+ rCorr Str-2}
MPRegen 0.20/turn               A - ring of willpower

@: heroic
A: fangs 1, strong nose, distributed training
a: Renounce Religion, Heroism, Finesse, Duel


You were on level 1 of the Lair of Beasts.
You worshipped Okawaru.
Okawaru was exalted by your worship.
You visited 2 branches of the dungeon, and saw 10 of its levels.
You also visited: Bailey.

You collected 678 gold pieces.

Inventory:

Hand Weapons
 a - a +0 broad axe
 c - a +2 sling of flaming
 p - a +3 dagger
 w - a +0 morningstar (weapon)
Missiles
 f - 14 poisoned darts (quivered)
Armour
 b - a +0 scale mail
 d - the +4 moon troll leather armour (worn) {Spirit, Regen++ MP+5}
   (You found it in a bailey)

   MP:        It affects your magic capacity (+5).
   Regen:     It increases your rate of health regeneration.
 e - a +0 buckler (worn)
 j - the +1 hat "Fojoked" (worn) {Regen+ Int+6 Dex-5 Stlth-}
   (You acquired it in a bailey)

   Int:       It affects your intelligence (+6).
   Dex:       It affects your dexterity (-5).
   Regen:     It increases your rate of health regeneration.
   Stlth:     It makes you less stealthy.
 l - the +0 chain mail "Jaocommobbu" {Dex+2 Slay+4}
   (You found it on level 2 of the Dungeon)

   Dex:       It affects your dexterity (+2).
   Slay:      It affects your accuracy & damage with ranged weapons and melee
   (+4).
 n - a +0 pair of boots of rampaging (worn)
 C - the +0 helmet "Ukuahikh" {Will+}
   (You found it on level 7 of the Dungeon)

   Will:      It increases your willpower.
 J - +0 storm dragon scales
Jewellery
 i - a +4 ring of evasion
 m - an amulet of regeneration (around neck)
 A - a ring of willpower (right hand)
 D - a ring of positive energy
 G - the ring of Insomnia (left hand) {rF+ rC+ rCorr Str-2}
   (You acquired it in a bailey)

   [ring of protection from cold]

   Str:       It affects your strength (-2).
   rF:        It protects you from fire.
   rC:        It protects you from cold.
   rCorr:     It protects you from acid and corrosion.
Wands
 k - a wand of paralysis (13)
 v - a wand of roots (3)
 I - a wand of polymorph (6)
Scrolls
 g - 5 scrolls of magic mapping
 q - 4 scrolls of enchant armour
 x - 4 scrolls of fog
 y - 2 scrolls of fear
 B - a scroll of teleportation
 E - a scroll of blinking {unknown}
Potions
 h - a potion of magic
 o - 2 potions of invisibility
 r - 2 potions of mutation {unknown}
 s - a potion of flight
 t - a potion of cancellation
 u - a potion of lignification
 z - 2 potions of curing {unknown}
 F - 3 potions of haste
 H - a potion of might


   Skills:
 + Level 9.5(14.5) Fighting
 + Level 6.7(11.7) Short Blades
 + Level 6.7(11.7) Long Blades
 + Level 8.2(13.2) Axes
 + Level 6.7(11.7) Maces & Flails
 + Level 6.7(11.7) Polearms
 + Level 6.7(11.7) Staves
 + Level 6.7(11.7) Ranged Weapons
 + Level 6.7(11.7) Throwing
 + Level 9.5(14.5) Armour
 + Level 6.7(11.7) Dodging
 + Level 6.7(11.7) Stealth
 + Level 9.5(14.5) Shields
 + Level 6.7(11.7) Unarmed Combat
 + Level 6.7 Spellcasting
 + Level 5.5 Conjurations
 + Level 5.5 Hexes
 + Level 5.5 Summonings
 + Level 5.5 Necromancy
 + Level 5.5 Translocations
 + Level 5.5 Transmutations
 + Level 5.5 Fire Magic
 + Level 5.5 Ice Magic
 + Level 5.5 Air Magic
 + Level 5.5 Earth Magic
 + Level 5.5 Poison Magic
 + Level 7.3 Invocations
 + Level 6.7 Evocations


You had 19 spell levels left.
You knew the following spells:

 Your Spells              Type           Power      Damage    Failure   Level
a - Petrify               Tmut/Erth      20%        N/A       19%         4

Your spell library contained the following spells:

 Spells                   Type           Power      Damage    Failure   Level
 Sublimation of Blood     Necr           20%        N/A       3%          2
 Wereblood                Tmut           20%        N/A       3%          2
 Ignite Poison            Fire/Tmut/Pois 20%        N/A       6%          3
 Mephitic Cloud           Conj/Pois/Air  20%        N/A       6%          3
 Freezing Cloud           Conj/Ice/Air   10%        6-21      47%         5
 Irradiate                Conj/Tmut      10%        3d15      47%         5
 Manifold Assault         Tloc           20%        N/A       47%         5
 Disjunction              Tloc           10%        N/A       100%        8
 Summon Forest            Summ/Tloc      Unusable   N/A       N/A         5
 Summon Hydra             Summ           Unusable   N/A       N/A         7

Dungeon Overview and Level Annotations

Branches:
Dungeon (11/15)            Temple (0/1) D:5            Lair (1/5) D:11
    Orc (0/2) D:11         Bailey (visited)

Altars:
Fedhas
Okawaru
Qazlal
Ru
Trog
Uskayaw
Vehumet

Shops:
D:4 (   D:10 ?   D:11 [

Annotations:
D:5 exclusion: oklob plant


Innate Abilities, Weirdness & Mutations

You have very sharp teeth.
Your uncanny sense of smell can sniff out nearby items.
Your experience applies equally to all skills.


Message History

* * * LOW HITPOINT WARNING * * *
You block the six-headed hydra's attack.
The six-headed hydra bites you but does no damage.
The six-headed hydra bites you.
* * * LOW HITPOINT WARNING * * *
Unknown command.
You barely miss the six-headed hydra.
The six-headed hydra is heavily wounded.
The six-headed hydra bites you but does no damage.
The six-headed hydra completely misses you.
The six-headed hydra bites you!
* * * LOW HITPOINT WARNING * * *
You block the six-headed hydra's attack.
The six-headed hydra completely misses you.
The six-headed hydra bites you.
* * * LOW HITPOINT WARNING * * *
Unknown command.
You bludgeon the six-headed hydra!!
The six-headed hydra is severely wounded.
The six-headed hydra bites you but does no damage.
The six-headed hydra bites you.
* * * LOW HITPOINT WARNING * * *
You block the six-headed hydra's attack.
The six-headed hydra misses you.
The six-headed hydra closely misses you. x2
You hit the six-headed hydra. Your bite misses the six-headed hydra.
The six-headed hydra is severely wounded.
You block the six-headed hydra's attack. x2
The six-headed hydra bites you.
* * * LOW HITPOINT WARNING * * *
The six-headed hydra bites you but does no damage.
You block the six-headed hydra's attack.
The six-headed hydra bites you but does no damage.
You hit the six-headed hydra.
The six-headed hydra is severely wounded.
The six-headed hydra bites you but does no damage.
The six-headed hydra barely misses you. x2
You block the six-headed hydra's attack.
The six-headed hydra bites you!
You die...

........... #..........#
...........#
#P>.......##
...........# ##........#
...........# #........#
...........# ######...#
..........# ##### ##.##
..........# #...#### ###
..........## ##.$...###
...........# #..@D....#
.........#####..........
.....>...####P..........
.........##P#..........#
........................
....................#..#
.....###.#####.#########
###### ### ###


You could see a six-headed hydra.

Vanquished Creatures
  A boulder beetle (Lair:1)
  An orc high priest (Bailey)
  3 death yaks (D:10)
  An orc sorcerer (Bailey)
  An ugly thing (D:11)
  A cyclops (D:10)
  A cane toad (Lair:1)
  A kobold demonologist (D:10)
  2 trolls
  4 blink frogs (Lair:1)
  3 shadows
  2 wraiths (D:10)
  A wyvern (D:10)
  A water moccasin (Lair:1)
  2 ice beasts
  A black bear (D:5)
  12 orc warriors (Bailey)
  A sky beast (D:7)
  2 ogres
  5 wolves (Lair:1)
  2 centaurs
  A gnoll sergeant (D:5)
  A necrophage (D:6)
  A scorpion (D:5)
  5 wights (D:10)
  6 killer bees (D:11)
  An electric eel (Bailey)
  3 howler monkeys (D:11)
  8 hounds
  3 jellies
  An orc priest (D:5)
  A gnoll bouda (D:5)
  2 iguanas
  A hell rat (D:11)
  11 gnolls
  5 adders
  A river rat (D:11)
  A shadow imp (D:5)
  3 ufetubi
  A worm (D:2)
  3 dart slugs
  12 orcs
  6 ball pythons
  4 bats
  5 endoplasms
  A giant cockroach (D:1)
  14 goblins
  7 hobgoblins
  2 jackals (D:2)
  A quokka (D:5)
  3 frilled lizards
  7 kobolds
  A rat (D:2)
170 creatures vanquished.

Vanquished Creatures (others)
  A hobgoblin (Bailey)
  10 fungi (D:5)
  22 plants (D:5)
  19 toadstools (D:5)
52 creatures vanquished.

Grand Total: 222 creatures vanquished

Notes
Turn   | Place    | Note
-------+----------+-------------------------------------------
     0 | D:1      | Renzlar the Gnoll Fighter began the quest for the Orb.
     0 | D:1      | Reached XP level 1. HP: 23/23 MP: 1/1
    66 | D:1      | Found a faded altar of an unknown god.
   154 | D:1      | Reached XP level 2. HP: 26/29 MP: 2/2
   722 | D:2      | Reached XP level 3. HP: 33/35 MP: 3/3
   888 | D:2      | Identified the +0 chain mail "Jaocommobbu" {Dex+2 Slay+4}
  1018 | D:2      | Reached skill level 1 in Invocations
  1154 | D:2      | Reached skill level 1 in Short Blades
  1154 | D:2      | Reached skill level 1 in Long Blades
  1154 | D:2      | Reached skill level 1 in Maces & Flails
  1154 | D:2      | Reached skill level 1 in Polearms
  1154 | D:2      | Reached skill level 1 in Staves
  1154 | D:2      | Reached skill level 1 in Ranged Weapons
  1154 | D:2      | Reached skill level 1 in Throwing
  1154 | D:2      | Reached skill level 1 in Dodging
  1154 | D:2      | Reached skill level 1 in Stealth
  1154 | D:2      | Reached skill level 1 in Unarmed Combat
  1154 | D:2      | Reached skill level 1 in Spellcasting
  1154 | D:2      | Reached skill level 1 in Evocations
  1216 | D:3      | Identified a scroll of acquirement
  1216 | D:3      | Acquired a +0 pair of boots of rampaging
  1223 | D:3      | Noticed a +0 dagger
  1224 | D:3      | Noticed a +0 spear
  1269 | D:3      | Noticed a +0 falchion
  1269 | D:3      | Noticed a +0 dagger
  1271 | D:3      | Noticed a +0 falchion
  1271 | D:3      | Noticed a +0 spear
  1272 | D:3      | Noticed a +0 short sword
  1274 | D:3      | Noticed a +0 short sword
  1281 | D:3      | Found a hide-covered altar of Uskayaw.
  1308 | D:3      | Reached XP level 4. HP: 41/41 MP: 5/5
  1324 | D:3      | Found a bloodstained altar of Trog.
  1701 | D:3      | Found an iron altar of Okawaru.
  1701 | D:3      | Found a sacrificial altar of Ru.
  1701 | D:3      | Found a radiant altar of Vehumet.
  1708 | D:3      | Became a worshipper of Warmaster Okawaru
  1775 | D:4      | Reached skill level 1 in Conjurations
  1775 | D:4      | Reached skill level 1 in Hexes
  1775 | D:4      | Reached skill level 1 in Summonings
  1775 | D:4      | Reached skill level 1 in Necromancy
  1775 | D:4      | Reached skill level 1 in Translocations
  1775 | D:4      | Reached skill level 1 in Transmutations
  1775 | D:4      | Reached skill level 1 in Fire Magic
  1775 | D:4      | Reached skill level 1 in Ice Magic
  1775 | D:4      | Reached skill level 1 in Air Magic
  1775 | D:4      | Reached skill level 1 in Earth Magic
  1775 | D:4      | Reached skill level 1 in Poison Magic
  1841 | D:4      | Noticed an ogre
  1852 | D:4      | Killed an ogre
  1853 | D:4      | Reached XP level 5. HP: 47/47 MP: 5/7
  2004 | D:4      | Found Ozeoro's Antique Weapon Shoppe.
  2251 | D:4      | Reached XP level 6. HP: 53/53 MP: 8/8
  2353 | D:5      | Entered Level 5 of the Dungeon
  2368 | D:5      | Reached skill level 5 in Axes
  2372 | D:5      | Reached * piety under Okawaru
  2386 | D:5      | Paralysed by a gnoll bouda for 5 turns
  2603 | D:5      | Noticed a black bear
  2611 | D:5      | Killed a black bear
  2612 | D:5      | Reached XP level 7. HP: 45/60 MP: 10/10
  2737 | D:5      | Reached ** piety under Okawaru
  2818 | D:5      | Found a staircase to the Ecumenical Temple.
  2963 | D:5      | Found a blossoming altar of Fedhas.
  3003 | D:5      | Noticed an oklob plant
  3452 | D:6      | Reached XP level 8. HP: 60/67 MP: 12/12
  3726 | D:6      | Reached *** piety under Okawaru
  3892 | D:6      | Found a stormy altar of Qazlal.
  4611 | D:7      | Identified the +0 helmet "Ukuahikh" {Will+}
  4679 | D:7      | Got Cejidghai's Omnibus of the Tesseract
  4722 | D:7      | You fall into a shaft and drop 3 floors!
  4722 | D:10     | Entered Level 10 of the Dungeon
  4729 | D:10     | Noticed a troll
  4749 | D:10     | Killed a troll
  4750 | D:10     | Reached XP level 9. HP: 44/73 MP: 14/14
  4774 | D:10     | Reached **** piety under Okawaru
  4871 | D:10     | Found a flagged portal.
  4871 | D:10     | Noticed a kobold demonologist
  4880 | D:10     | Noticed a hellwing
  4884 | D:10     | Killed a kobold demonologist
  4901 | Bailey   | Entered a bailey
  4980 | Bailey   | Reached skill level 5 in Invocations
  5090 | Bailey   | Noticed an orc high priest
  5097 | Bailey   | Noticed a sixfirhy
  5098 | Bailey   | Noticed a hellwing
  5098 | Bailey   | Noticed a rust devil
  5104 | Bailey   | Killed an orc high priest
  5104 | Bailey   | Reached ***** piety under Okawaru
  5105 | Bailey   | Reached skill level 5 in Short Blades
  5105 | Bailey   | Reached skill level 5 in Long Blades
  5105 | Bailey   | Reached skill level 5 in Maces & Flails
  5105 | Bailey   | Reached skill level 5 in Polearms
  5105 | Bailey   | Reached skill level 5 in Staves
  5105 | Bailey   | Reached skill level 5 in Ranged Weapons
  5105 | Bailey   | Reached skill level 5 in Throwing
  5105 | Bailey   | Reached skill level 5 in Dodging
  5105 | Bailey   | Reached skill level 5 in Stealth
  5105 | Bailey   | Reached skill level 5 in Unarmed Combat
  5105 | Bailey   | Reached skill level 5 in Spellcasting
  5105 | Bailey   | Reached skill level 5 in Evocations
  5105 | Bailey   | Reached XP level 10. HP: 9/82 MP: 15/17
  5228 | Bailey   | Found an iron altar of Okawaru.
  5228 | Bailey   | Noticed an orc sorcerer
  5240 | Bailey   | Killed an orc sorcerer
  5240 | Bailey   | Received a gift from Okawaru
  5244 | Bailey   | Found the +4 moon troll leather armour {Spirit, Regen++
                  | MP+5}
  5312 | Bailey   | Acquired the +1 hat "Fojoked" {Regen+ Int+6 Dex-5 Stlth-}
  5584 | Bailey   | Acquired the ring of Insomnia {rF+ rC+ rCorr Str-2}
  5883 | D:10     | Found Qityko Vuet's Magic Scroll Emporium.
  6841 | D:11     | Noticed a brown ugly thing
  6877 | D:11     | Found a staircase to the Orcish Mines.
  6891 | D:11     | Noticed a death yak
  6893 | D:11     | Noticed a death yak
  6917 | D:10     | Killed a death yak
  6954 | D:11     | Noticed a death yak
  6966 | D:10     | Killed a death yak
  6968 | D:11     | Noticed a cyclops
  6989 | D:10     | Killed a death yak
  6990 | D:10     | Reached skill level 5 in Conjurations
  6990 | D:10     | Reached skill level 5 in Hexes
  6990 | D:10     | Reached skill level 5 in Summonings
  6990 | D:10     | Reached skill level 5 in Necromancy
  6990 | D:10     | Reached skill level 5 in Translocations
  6990 | D:10     | Reached skill level 5 in Transmutations
  6990 | D:10     | Reached skill level 5 in Fire Magic
  6990 | D:10     | Reached skill level 5 in Ice Magic
  6990 | D:10     | Reached skill level 5 in Air Magic
  6990 | D:10     | Reached skill level 5 in Earth Magic
  6990 | D:10     | Reached skill level 5 in Poison Magic
  6990 | D:10     | Reached XP level 11. HP: 35/89 MP: 20/20
  7027 | D:10     | Killed a cyclops
  7081 | D:11     | Found a staircase to the Lair.
  7179 | D:11     | Found Qappok's Antique Armour Emporium.
  7252 | D:11     | HP: 1/89 [troll (7)]
  7345 | D:11     | Found a stormy altar of Qazlal.
  7413 | D:11     | Killed a brown ugly thing
  7413 | D:11     | Received a gift from Okawaru
  7586 | Lair:1   | Entered Level 1 of the Lair of Beasts
  7644 | Lair:1   | Noticed a boulder beetle
  7672 | Lair:1   | Killed a boulder beetle
  7672 | Lair:1   | Reached ****** piety under Okawaru
  7710 | Lair:1   | Received a gift from Okawaru
  7899 | Lair:1   | Received a gift from Okawaru
  8056 | Lair:1   | Learned a level 4 spell: Petrify
  8101 | Lair:1   | Noticed a six-headed hydra
  8117 | Lair:1   | HP: 3/89 [six-headed hydra (4)]
  8118 | Lair:1   | HP: 1/89 [six-headed hydra (5)]
  8120 | Lair:1   | Slain by a six-headed hydra

Illustrated notes

Levels and vault maps discovered:
D:1:      elethiomel_arrival_quiet, layout_rooms,
          ebering_ecumenical_altar_abandoned, amcnicky_mini_pool_small
D:2:      layout_basic
D:3:      layout_basic, nicolae_uskayaw_en_pointe,
          gammafunk_temple_overflow_claw, trog_three_pillars_becter
D:4:      layout_loops_cross, serial_shops, nicolae_shop_overgrown_old_shop
D:5:      layout_basic, tgw_fedhas, minmay_temple_entry_nine_rooms,
          nicolae_grassy_gnolls
D:6:      layout_layer_cave, mainiacjoe_overflow_24_doors
D:7:      layout_rooms, serial_shops, shop_fountains, gammafunk_ghost_split,
          uniq_maggie
D:10:     layout_layer_cave, serial_shops, shop, enter_bailey_5
D:11:     layout_cave_pools, dpeg_lair_monsters, serial_shops,
          nicolae_shop_window_shopping, nicolae_qazlal_eye_of_the_storm
Lair:1:   layout_cave_pods, amcnicky_altar_lugonu_corruption

Skill      XL: |  1  2  3  4  5  6  7  8  9 10 11 |
---------------+----------------------------------+-----
Invocations    | 1 2 3 4 5 6 7 |  7.3
Short Blades   | 1 2 3 5 6 |  6.7
Long Blades    | 1 2 3 5 6 |  6.7
Maces & Flails | 1 2 3 5 6 |  6.7
Polearms       | 1 2 3 5 6 |  6.7
Staves         | 1 2 3 5 6 |  6.7
Ranged Weapons | 1 2 3 5 6 |  6.7
Throwing       | 1 2 3 5 6 |  6.7
Dodging        | 1 2 3 5 6 |  6.7
Stealth        | 1 2 3 5 6 |  6.7
Unarmed Combat | 1 2 3 5 6 |  6.7
Spellcasting   | 1 2 3 5 6 |  6.7
Evocations     | 1 2 3 5 6 |  6.7
Conjurations   | 1 2 3 4 5 |  5.5
Hexes          | 1 2 3 4 5 |  5.5
Summonings     | 1 2 3 4 5 |  5.5
Necromancy     | 1 2 3 4 5 |  5.5
Translocations | 1 2 3 4 5 |  5.5
Transmutations | 1 2 3 4 5 |  5.5
Fire Magic     | 1 2 3 4 5 |  5.5
Ice Magic      | 1 2 3 4 5 |  5.5
Air Magic      | 1 2 3 4 5 |  5.5
Earth Magic    | 1 2 3 4 5 |  5.5
Poison Magic   | 1 2 3 4 5 |  5.5
Axes           | 5 6 7 8 |  8.2
Fighting       | 7 8 9 |  9.5
Armour         | 7 8 9 |  9.5
Shields        | 7 8 9 |  9.5

Action                   |  1- 3 |  4- 6 |  7- 9 | 10-12 || total
-------------------------+-------+-------+-------+-------++-------
Melee: War axe           |    39 |    60 |   161 |    43 ||   303
       Bite              |     3 |     5 |    23 |    43 ||    74
       Trident           |       |     2 |       |       ||     2
       Morningstar       |       |       |     8 |    11 ||    19
       Broad axe         |       |       |       |   173 ||   173
 Fire: Sling             |    49 |    52 |    76 |    94 ||   271
Throw: Dart              |       |       |       |     3 ||     3
Invok: Heroism           |       |       |     2 |     4 ||     6
Evoke: Wand              |       |       |       |     2 ||     2
  Use: Scroll            |     5 |     8 |     6 |     4 ||    23
       Potion            |       |     1 |       |     3 ||     4
Armor: Scale mail        |    13 |       |       |       ||    13
       Chain mail        |    20 |    20 |    70 |    99 ||   209
       Troll leather arm |       |       |       |    17 ||    17
Dodge: Dodged            |    36 |    50 |    92 |   123 ||   301
Block: Buckler           |    12 |    18 |    58 |    90 ||   178
